cohdb
Replays
Latest Replays
All Replays
Popular Replays
Top Player Replays
Match Explorer
How It Works
Community
CoH3 Stats
Reddit
Sign in to upload your games and track your stats! →
Sign in with Steam
Match 45890932
Unlisted
Match 45890932
Overview
Messages
Build Orders
End
Construct Infanterie Kompanie
Selects Terror Battlegroup
Pioneer Squad
Grenadier Squad
MG 42 Machine Gun Team
Selects Machine Gun Camouflage
Construct Panzergrenadier Kompanie
Grenadier Squad
Panzergrenadier Squad
Pak 40 Anti-tank Gun Team
Medical Station
CommissarJuriSprite
Bobex
MaXiS
16 Czechoslovakians
0
0
Comments
sign in to comment!
No comments posted yet!